Map: Cyber Forest LE

Players

ShoWTimE - Winner!

  • Race: Protoss Protoss
  • Spawn Location: 5:00

ArT

  • Race: Protoss Protoss
  • Spawn Location: 11:00

Event: IEM Season 13: Katowice (2019)

VOD

Have the link to the VOD?

Description

Time

  • Played on: Feb. 25, 2019, 9:04 a.m.
  • Length: 8:49

All games in this series

Show
View Real Time Build Order
Export as new Build Order

ShoWTimE Protoss - Winner!

Build Orders: Phoenix Opening, Zealot Archon 

Get SALT Encoding   

  12  0:00  Probe  
  13  0:12  Probe  
  14  0:17  Pylon  
  14  0:24  Probe  
  15  0:32  Probe  
  15  0:36  Gateway  
  15  0:40  Probe  
  16  0:46  Assimilator  
  17  0:51  Probe  
  17  0:54  Assimilator  
  18  0:59  Probe  
  19  1:07  Probe  
  20  1:12  Gateway  
  20  1:17  Probe  
  20  1:23  Cybernetics Core  
  21  1:29  Probe  
  22  1:34  Pylon  
  22  1:41  Probe  
  23  1:53  Probe  
  24  2:00  Warp Gate, Adept x2  
  28  2:06  Probe  
  29  2:11  Pylon  
  28  2:30  Sentry x2  
  32  2:44  Probe  
  32  2:46  Nexus  
  33  2:56  Probe  
  33  2:57  Stalker  
  36  3:05  Pylon, Phoenix  
  36  3:09  Stalker  
  39  3:12  Probe  
  39  3:25  Probe  
  39  3:27  Robotics Facility  
  40  3:33  Probe  
  40  3:38  Forge  
  41  3:41  Probe  
  42  3:51  Probe  
  42  3:54  Probe  
  43  3:56  Protoss Ground Weapons Level 1  
  44  4:02  Probe  
  44  4:03  Probe  
  46  4:10  Warp Prism  
  46  4:11  Probe  
  46  4:15  Probe  
  49  4:17  Shield Battery  
  49  4:19  Probe  
  51  4:27  Probe x2  
  52  4:32  Sentry  
  52  4:33  Pylon  
  55  4:38  Phoenix  
  55  4:39  Probe x2, Assimilator  
  55  4:44  Assimilator  
  57  4:46  Observer  
  57  4:51  Probe  
  59  4:53  Probe  
  59  4:54  Twilight Council  
  60  5:03  Probe  
  60  5:05  Probe  
  62  5:07  Immortal  
  62  5:11  Pylon  
  62  5:12  Adept  
  62  5:13  Adept  
  70  5:24  Pylon, Phoenix  
  70  5:26  Gateway  
  70  5:27  Charge  
  68  5:36  Protoss Ground Weapons Level 2  
  68  5:41  Gateway  
  68  5:42  Templar Archives  
  68  5:48  Immortal  
  72  5:55  Gateway  
  72  5:57  Gateway  
  72  6:13  Gateway  
  72  6:15  Gateway  
  72  6:32  Zealot, High Templar x2  
  78  6:37  Archon  
  78  6:42  Zealot  
  78  6:43  Pylon  
  78  6:44  Pylon  
  80  6:47  Nexus  
  80  6:50  Zealot  
  82  6:58  Pylon  
  82  7:00  High Templar  
  82  7:01  High Templar  
  86  7:05  Zealot x3, Archon  
  86  7:08  Pylon  
  92  7:12  Zealot, High Templar x2  
  98  7:16  Archon  
  98  7:23  Pylon  
  98  7:28  Zealot x3  
  104  7:35  High Templar x2  
  104  7:36  Zealot  
  108  7:40  Archon  
  108  7:41  Pylon  
  108  7:44  Photon Cannon  
  108  7:54  Zealot x4  
  116  8:02  High Templar x2  
  120  8:07  Archon  
  120  8:08  Zealot x2  
  122  8:27  Zealot  
  122  8:28  Zealot x3  
  122  8:32  Zealot  
  122  8:33  Zealot  
  106  8:37  Zealot x2  
Show
View Real Time Build Order
Export as new Build Order

ArT Protoss 

Build Orders: Phoenix Opening, Zealot Archon 

Get SALT Encoding   

  12  0:00  Probe  
  13  0:12  Probe  
  14  0:17  Pylon  
  14  0:24  Probe  
  15  0:32  Probe  
  15  0:36  Gateway  
  15  0:40  Probe  
  16  0:46  Assimilator  
  17  0:51  Probe  
  17  0:55  Assimilator  
  18  1:03  Probe  
  19  1:08  Gateway  
  19  1:15  Probe  
  20  1:24  Cybernetics Core  
  20  1:27  Probe  
  21  1:36  Pylon  
  21  1:39  Probe  
  22  1:51  Probe  
  23  2:01  Warp Gate, Sentry, Stalker  
  27  2:03  Probe  
  28  2:09  Pylon  
  28  2:26  Probe  
  28  2:28  Stalker  
  31  2:31  Sentry  
  33  2:39  Phoenix  
  32  2:52  Nexus  
  32  3:00  Shield Battery  
  32  3:06  Probe  
  32  3:10  Stalker  
  35  3:18  Pylon  
  35  3:19  Probe, Shield Battery  
  36  3:27  Probe  
  37  3:35  Probe  
  37  3:38  Forge  
  37  3:40  Phoenix  
  37  3:41  Robotics Facility  
  38  3:44  Probe  
  39  3:52  Sentry, Probe  
  41  3:57  Shield Battery  
  41  4:00  Probe  
  41  4:01  Probe  
  42  4:02  Protoss Ground Weapons Level 1  
  44  4:11  Probe x2, Shield Battery  
  46  4:19  Probe  
  46  4:23  Probe  
  46  4:24  Twilight Council  
  48  4:28  Probe  
  48  4:30  Observer  
  49  4:35  Probe  
  51  4:39  Shield Battery  
  51  4:40  Probe  
  52  4:46  Pylon  
  52  4:47  Probe  
  52  4:52  Probe  
  54  4:53  Observer  
  54  4:59  Gateway x2, Probe  
  55  5:01  Charge  
  55  5:02  Pylon  
  55  5:04  Probe  
  56  5:09  Assimilator  
  56  5:11  Assimilator  
  56  5:12  Stalker  
  56  5:13  Probe  
  59  5:17  Pylon  
  59  5:19  Probe  
  60  5:23  Stalker  
  62  5:34  Protoss Ground Weapons Level 2  
  62  5:35  Probe  
  59  5:36  Probe  
  59  5:37  Immortal  
  59  5:40  Stargate  
  59  5:42  Stalker  
  62  5:49  Gateway  
  66  5:56  Gateway  
  66  6:09  Gateway  
  66  6:14  Gateway  
  66  6:15  Pylon  
  66  6:21  Phoenix  
  66  6:24  Adept x3  
  71  6:30  Probe  
  70  6:36  Probe  
  71  6:42  Templar Archives  
  71  6:43  Observer, Probe  
  72  6:53  Probe  
  73  6:59  Probe  
  73  7:00  Photon Cannon  
  74  7:09  Nexus  
  74  7:12  Pylon  
  74  7:19  Zealot, High Templar x2  
  74  7:20  Zealot  
  82  7:25  Archon  
  82  7:32  Warp Prism  
  82  7:38  High Templar  
  82  7:39  Zealot, High Templar  
  82  7:42  Pylon  
  82  7:43  Archon  
  90  7:50  Zealot x3  
  92  7:57  Zealot x2  
  96  8:01  High Templar  
  96  8:03  Pylon  
  98  8:08  Observer  
  98  8:11  Zealot x2, High Templar  
  98  8:12  Zealot x2  
  108  8:16  Archon  
  108  8:19  Zealot x2  
  104  8:32  Zealot x4  
  82  8:37  Zealot  

Tags
 
Add a new tag
Caveats
  • Supply blocks, unpowered buildings, or Contaminate may cause inaccurate times.
  • Supply counts are checked every 10 seconds.